[Event "ESP-ch U2000 2024"]
[Site "Albacete"]
[Date "2024.08.29"]
[Round "4.4"]
[White "Lopez Ruiz, Jarein"]
[Black "Garcia-Ballesteros Banos, Juan A"]
[Result "1/2-1/2"]
[ECO "A21"]
[WhiteElo "1970"]
[BlackElo "1857"]
[Annotator "RC"]
[PlyCount "131"]
[EventDate "2024.08.27"]
[EventType "swiss"]
[EventCountry "ESP"]
[SourceTitle "playchess.com"]
[Source "ChessBase"]
[SourceQuality "1"]
[TimeControl "5400+30"]

1. c4 e5 2. Nc3 Bb4 3. Qb3 Nc6 4. e3 Bxc3 5. Qxc3 Qf6 6. b4 e4 7. Bb2 Qxc3 8. Bxc3 f6 9. Ne2 a5 10. bxa5 Ne5 11. Ng3 Nd3+ 12. Bxd3 exd3 13. Nh5 Kf7 14. Nf4 Ne7 15. Nxd3 Nc6 16. Nf4 Nxa5 17. d3 b6 18. Nd5 Ra7 19. Bxa5 bxa5 20. O-O d6 21. Rab1 Be6 22. Nc3 Bd7 23. Rb2 Ke6 24. Rfb1 Bc6 25. h3 g6 26. Ne2 Kd7 27. Nd4 Re8 28. e4 Rf8 29. f3 Raa8 30. Kf2 f5 31. Ke3 fxe4 32. dxe4 g5 33. Nxc6 Kxc6 34. Rb5 h6 35. a4 Rfe8 36. h4 gxh4 37. Rh1 Rg8 38. Kf2 Rg6 39. Rxh4 Rag8 40. g4 Kd7 41. Rxa5 c6 42. Rah5 Ra8 43. a5 c5 44. Rxh6 Rxh6 45. Rxh6 Rxa5 46. g5 Ra4 47. g6 Ke7 48. Rh7+ Kf6 49. Rd7 Kxg6 50. Rxd6+ Kf7 51. Ke3 Rxc4 52. Rc6 Ke7 53. Kd3 Rc1 54. f4 Kd7 55. Ra6 Rd1+ 56. Ke2 Rd4 57. Ke3 Rd1 58. f5 c4 59. Ra4 Rd3+ 60. Kf4 c3 61. Rc4 Kd6 62. e5+ Kd5 63. Rc8 Rd4+ 64. Kg5 Rc4 65. Rd8+ Kxe5 66. Rd1 1/2-1/2

[Event "ESP-ch U2000 2024"]
[Site "Albacete"]
[Date "2024.08.29"]
[Round "4.5"]
[White "Marquez Leon, Juan Antonio"]
[Black "Reig Albero, Ferran"]
[Result "0-1"]
[ECO "D52"]
[WhiteElo "1916"]
[BlackElo "1969"]
[Annotator "RC"]
[PlyCount "161"]
[EventDate "2024.08.27"]
[EventType "swiss"]
[EventCountry "ESP"]
[SourceTitle "playchess.com"]
[Source "ChessBase"]
[SourceQuality "1"]
[TimeControl "5400+30"]

1. d4 Nf6 2. Nf3 e6 3. c4 d5 4. Bg5 Nbd7 5. e3 c6 6. Nc3 Qa5 7. a3 Ne4 8. Qc1 dxc4 9. Bf4 b5 10. Be2 Be7 11. O-O Nxc3 12. Qxc3 Qxc3 13. bxc3 Nb6 14. Ne5 Bb7 15. Bf3 Rc8 16. Rfb1 f6 17. Nxc6 Bxc6 18. Bxc6+ Rxc6 19. Rxb5 Bd6 20. a4 Bxf4 21. exf4 Kd7 22. a5 Nd5 23. f5 Nc7 24. fxe6+ Rxe6 25. Rb7 a6 26. g3 Rc6 27. f4 Kd6 28. Kf2 Re8 29. Rab1 Re7 30. Rb8 Nd5 31. Rc1 Kc7 32. Ra8 f5 33. Rc2 g6 34. Rc1 Kd7 35. Rb8 Rc8 36. Rb2 Re3 37. Rb7+ Rc7 38. Rb8 Rxc3 39. Re1 Nf6 40. Rb6 Ne4+ 41. Kf1 Rb3 42. Rxa6 c3 43. Rc1 c2 44. Rb6 Ra3 45. Rb2 Rxa5 46. Rbxc2 Rxc2 47. Rxc2 Rd5 48. Ra2 Ke6 49. Ra6+ Rd6 50. Ra4 Nc3 51. Rb4 Kd5 52. Rb7 h6 53. Rb4 Re6 54. Kf2 Ne2 55. Rb5+ Kxd4 56. Rb8 Nc3 57. Rd8+ Nd5 58. Ra8 Rb6 59. Ra4+ Kc5 60. Ra5+ Kd6 61. Ra8 Nf6 62. Rd8+ Ke6 63. h3 Ne4+ 64. Ke3 Rb3+ 65. Kd4 Rxg3 66. Re8+ Kf7 67. Ra8 Rxh3 68. Ke5 h5 69. Ra7+ Kf8 70. Ke6 Rb3 71. Ra8+ Kg7 72. Ra7+ Kh6 73. Ra8 Rb6+ 74. Kf7 Rb7+ 75. Ke6 h4 76. Rh8+ Rh7 77. Ra8 Kh5 78. Ke5 h3 79. Ra2 Kg4 80. Rb2 h2 81. Kd4 0-1

[Event "ESP-ch U2000 2024"]
[Site "Albacete"]
[Date "2024.08.29"]
[Round "4.6"]
[White "Marin Lopez, Juan Jose"]
[Black "Conde Chamizo, Pablo"]
[Result "1-0"]
[ECO "B23"]
[WhiteElo "1895"]
[BlackElo "1936"]
[Annotator "RC"]
[PlyCount "233"]
[EventDate "2024.08.27"]
[EventType "swiss"]
[EventCountry "ESP"]
[SourceTitle "playchess.com"]
[Source "ChessBase"]
[SourceQuality "1"]
[TimeControl "5400+30"]

1. e4 c5 2. Nc3 g6 3. d4 cxd4 4. Qxd4 Nf6 5. Be3 Nc6 6. Qd2 Ng4 7. Bf4 Qb6 8. f3 Nge5 9. O-O-O Bg7 10. Nd5 Qd8 11. Bh6 Kf8 12. Bxg7+ Kxg7 13. f4 Ng4 14. h3 Nh6 15. Qc3+ f6 16. g4 Ng8 17. Qg3 e6 18. Nc3 Qa5 19. Bc4 a6 20. Bb3 b5 21. Nf3 b4 22. Na4 Nge7 23. f5 d5 24. e5 fxe5 25. Nxe5 Qc7 26. f6+ Kxf6 27. Rhf1+ Nf5 28. gxf5 Qxe5 29. fxe6+ Kg7 30. Qxe5+ Nxe5 31. Bxd5 Ra7 32. Rde1 Bxe6 33. Bxe6 Nc6 34. Bd5 Nd4 35. Rf4 Nb5 36. Rxb4 Rd8 37. c4 Rc7 38. Kb1 Nd6 39. b3 Nf5 40. Re6 a5 41. Rb7 Rxb7 42. Bxb7 Rd1+ 43. Kc2 Rd7 44. Rb6 Rc7 45. Bd5 h5 46. Kd3 g5 47. Rb7 Rxb7 48. Bxb7 g4 49. hxg4 hxg4 50. Nc5 Kf6 51. Be4 g3 52. Ke2 Nd4+ 53. Kf1 Ke5 54. Kg2 Ne2 55. Bc6 Kd6 56. Bf3 Nc1 57. Nb7+ Ke5 58. Nxa5 Nxa2 59. Kxg3 Kd4 60. Kf4 Kc5 61. Nb7+ Kb4 62. c5 Nc3 63. Ke5 Kxb3 64. c6 Nb5 65. Be2 Na7 66. Kd6 Nxc6 67. Kxc6 Kc3 68. Kc5 Kd2 69. Bb5 Kc3 70. Nd6 Kb3 71. Ne4 Kc2 72. Kb4 Kb2 73. Bc4 Kc2 74. Bb5 Kb2 75. Ba4 Ka2 76. Bb3+ Kb2 77. Nd2 Kc1 78. Nf3 Kb2 79. Ne1 Kc1 80. Kc3 Kb1 81. Nc2 Kc1 82. Ba2 Kd1 83. Nd4 Ke1 84. Kd3 Kf2 85. Be6 Kg3 86. Ne2+ Kh4 87. Ke4 Kg5 88. Ke5 Kg6 89. Bf5+ Kf7 90. Nf4 Kg7 91. Ne6+ Kf7 92. Ng5+ Kg7 93. Ke6 Kg8 94. Kf6 Kh8 95. Bg6 Kg8 96. Nf7 Kf8 97. Bh7 Ke8 98. Ne5 Kd8 99. Ke6 Kc7 100. Kd5 Kb6 101. Kc4 Ka5 102. Bc2 Kb6 103. Ba4 Ka5 104. Be8 Kb6 105. Kd5 Kc7 106. Bc6 Kb6 107. Kc4 Kc7 108. Kc5 Kc8 109. Kd6 Kd8 110. Bb5 Kc8 111. Bd7+ Kb7 112. Nc4 Ka6 113. Kc7 Ka7 114. Bb5 Ka8 115. Nb6+ Ka7 116. Nc8+ Ka8 117. Bc6# 1-0

[Event "ESP-ch U2000 2024"]
[Site "Albacete"]
[Date "2024.08.29"]
[Round "4.7"]
[White "Hurtado Oldridge, Felipe"]
[Black "Benitez Fernandez, Pedro Vicente"]
[Result "1-0"]
[ECO "E12"]
[WhiteElo "1873"]
[BlackElo "1926"]
[Annotator "RC"]
[PlyCount "100"]
[EventDate "2024.08.27"]
[EventType "swiss"]
[EventCountry "ESP"]
[SourceTitle "playchess.com"]
[Source "ChessBase"]
[SourceQuality "1"]
[TimeControl "5400+30"]

1. d4 Nf6 2. Nf3 b6 3. c4 e6 4. a3 Bb7 5. Nc3 Be7 6. Qc2 d5 7. Bg5 Nbd7 8. cxd5 exd5 9. e3 O-O 10. Bd3 Ne4 11. Bf4 Ndf6 12. Bxc7 Qd7 13. Be5 Rac8 14. Nd2 b5 15. Bxf6 Bxf6 16. Ndxe4 dxe4 17. Be2 a5 18. Qd1 b4 19. axb4 axb4 20. Bg4 Qc7 21. Bxc8 Qxc8 22. Ne2 Ba6 23. O-O Bd3 24. Re1 g5 25. Qd2 Be7 26. Rec1 Qg4 27. Ng3 f5 28. Qd1 Qh4 29. Qh5 Qxh5 30. Nxh5 f4 31. Rc7 fxe3 32. fxe3 Rf7 33. Ra8+ Bf8 34. Rxf7 Kxf7 35. g4 b3 36. Ng3 Bb4 37. Kf2 Bd2 38. Ne2 Ke6 39. Rc8 Bc2 40. Rc5 h6 41. Nc3 Bc1 42. Na4 Bd2 43. Rb5 Bc1 44. Nc5+ Kf6 45. Rb6+ Kg7 46. Nxb3 Bxb2 47. d5 Be5 48. h3 Kf7 49. Nd4 Bd1 50. Rxh6 Ke8 1-0

[Event "ESP-ch U2000 2024"]
[Site "Albacete"]
[Date "2024.08.29"]
[Round "4.8"]
[White "Perez Pinazo, Jose Oscar"]
[Black "Machin Arbelo, Pedro Alexis"]
[Result "0-1"]
[ECO "D00"]
[WhiteElo "1688"]
[BlackElo "1916"]
[Annotator "RC"]
[PlyCount "58"]
[EventDate "2024.08.27"]
[EventType "swiss"]
[EventCountry "ESP"]
[SourceTitle "playchess.com"]
[Source "ChessBase"]
[SourceQuality "1"]
[TimeControl "5400+30"]

1. d4 d5 2. Bf4 e6 3. e3 Bd6 4. Bg3 Nf6 5. Nd2 c5 6. c3 Nc6 7. Bd3 O-O 8. Ngf3 Re8 9. Ne5 Bxe5 10. dxe5 Nd7 11. f4 c4 12. Bc2 Qb6 13. O-O Qxe3+ 14. Bf2 Qxf4 15. Bd4 Qh6 16. Qf3 Ndxe5 17. Qe2 Nxd4 18. cxd4 Ng4 19. Qxg4 Qxd2 20. Rxf7 Kxf7 21. Rf1+ Ke7 22. Qxg7+ Kd6 23. Qe5+ Kc6 24. Bxh7 Bd7 25. b4 b5 26. a4 Rf8 27. axb5+ Kxb5 28. Rxf8 Rxf8 29. h3 Qc1+ 0-1

[Event "ESP-ch U2000 2024"]
[Site "Albacete"]
[Date "2024.08.29"]
[Round "4.9"]
[White "Arnedo Vigueras, Miguel"]
[Black "Campos Saez, Sergio"]
[Result "1-0"]
[ECO "C44"]
[WhiteElo "1850"]
[BlackElo "1923"]
[Annotator "RC"]
[PlyCount "65"]
[EventDate "2024.08.27"]
[EventType "swiss"]
[EventCountry "ESP"]
[SourceTitle "playchess.com"]
[Source "ChessBase"]
[SourceQuality "1"]
[TimeControl "5400+30"]

1. e4 e5 2. Nf3 Nc6 3. d4 exd4 4. Nxd4 Nf6 5. Nc3 Bb4 6. Nxc6 bxc6 7. Bd3 d5 8. exd5 cxd5 9. O-O O-O 10. Bg5 Be7 11. Qf3 c6 12. Rae1 Be6 13. h3 Rb8 14. Ne2 c5 15. b3 h6 16. Bxf6 Bxf6 17. Nf4 Qd6 18. Nxe6 fxe6 19. Qg4 e5 20. c4 e4 21. Bc2 Bc3 22. Rd1 Rf4 23. Qe2 Bd4 24. cxd5 Rbf8 25. Kh1 Qxd5 26. a4 Qe5 27. Rde1 Rxf2 28. Rxf2 Rxf2 29. Qc4+ Kh8 30. Rxe4 Qb8 31. Qd3 g6 32. Rxd4 Qf8 33. Rd8 1-0

[Event "ESP-ch U2000 2024"]
[Site "Albacete"]
[Date "2024.08.29"]
[Round "5.1"]
[White "Perez Travieso, Saul"]
[Black "Sala Esquiva, Miguel"]
[Result "1-0"]
[ECO "A05"]
[WhiteElo "1933"]
[BlackElo "1967"]
[Annotator "RC"]
[PlyCount "101"]
[EventDate "2024.08.27"]
[EventType "swiss"]
[EventCountry "ESP"]
[SourceTitle "playchess.com"]
[Source "ChessBase"]
[SourceQuality "1"]
[TimeControl "5400+30"]

1. Nf3 Nf6 2. g3 g6 3. Bg2 Bg7 4. c4 d6 5. O-O O-O 6. d3 c5 7. Nc3 Nc6 8. Rb1 Rb8 9. a3 Ne8 10. Bd2 a5 11. Nb5 b6 12. Bc3 e5 13. Ne1 Nd4 14. b4 Nxb5 15. cxb5 axb4 16. axb4 Bb7 17. Bxb7 Rxb7 18. bxc5 dxc5 19. Qb3 Nc7 20. Nf3 Re8 21. Nd2 Ne6 22. Rfe1 Nd4 23. Qb2 Rbe7 24. Ra1 Qd7 25. Bxd4 exd4 26. Nc4 Re6 27. Ra6 Qc7 28. Qa2 Rb8 29. Ra7 Rb7 30. Ra8+ Bf8 31. e4 dxe3 32. Rxe3 Rxe3 33. Nxe3 Qd6 34. Qa1 Qxd3 35. Rxf8+ Kxf8 36. Qa8+ Kg7 37. Qxb7 Qxb5 38. Qd5 Qb1+ 39. Kg2 Qa1 40. Nc4 Qa6 41. Qe5+ Kg8 42. Qb8+ Kg7 43. Nxb6 c4 44. Qe5+ Kg8 45. Nd5 Qa8 46. Qe4 Qa6 47. Ne3 h5 48. Qxc4 Qf6 49. Nd5 Qe6 50. Qc8+ Qxc8 51. Ne7+ 1-0

[Event "ESP-ch U2000 2024"]
[Site "Albacete"]
[Date "2024.08.29"]
[Round "5.2"]
[White "Tarraga Navarro, Pablo"]
[Black "Marin Lopez, Juan Jose"]
[Result "1-0"]
[ECO "A02"]
[WhiteElo "1968"]
[BlackElo "1895"]
[Annotator "RC"]
[PlyCount "121"]
[EventDate "2024.08.27"]
[EventType "swiss"]
[EventCountry "ESP"]
[SourceTitle "playchess.com"]
[Source "ChessBase"]
[SourceQuality "1"]
[TimeControl "5400+30"]

1. f4 Nh6 2. e4 d5 3. exd5 Qxd5 4. Nc3 Qd6 5. d4 Bg4 6. Be2 Bxe2 7. Qxe2 Nc6 8. Nb5 Qd7 9. c3 O-O-O 10. Nf3 e6 11. b3 Kb8 12. Bb2 Nf5 13. O-O-O h6 14. Kb1 Be7 15. g4 Nd6 16. Nxd6 Bxd6 17. Qe3 Ne7 18. c4 Ng6 19. Ne5 Bxe5 20. fxe5 h5 21. h3 hxg4 22. hxg4 Rxh1 23. Rxh1 Rh8 24. Rxh8+ Nxh8 25. Qh3 Qe8 26. Qh7 Qf8 27. Ba3 Qe8 28. Qxg7 Ng6 29. Qf6 b6 30. Bb2 Kc8 31. Qf3 Kb8 32. Qf6 Kc8 33. a3 a6 34. d5 Kd7 35. Qf3 Qe7 36. Qe4 Qc5 37. dxe6+ Kxe6 38. Qf5+ Ke7 39. Qf6+ Ke8 40. e6 Qe7 41. exf7+ Qxf7 42. Qc6+ Kd8 43. Qa8+ Kd7 44. Qxa6 Qf1+ 45. Ka2 Qd3 46. Qb5+ Kd8 47. Qg5+ Ke8 48. Qf5 Qxf5 49. gxf5 Ne7 50. f6 Nc6 51. b4 Nd8 52. Kb3 Kd7 53. Bd4 Ne6 54. Be5 c6 55. Ka4 Nd8 56. Bd4 Kc7 57. Kb3 Nf7 58. a4 Kb7 59. Kc3 Nd6 60. Kd3 Kc7 61. Be5 1-0

[Event "ESP-ch U2000 2024"]
[Site "Albacete"]
[Date "2024.08.29"]
[Round "5.3"]
[White "Reig Albero, Ferran"]
[Black "Hurtado Oldridge, Felipe"]
[Result "1/2-1/2"]
[ECO "E21"]
[WhiteElo "1969"]
[BlackElo "1873"]
[Annotator "NA RC"]
[PlyCount "61"]
[EventDate "2024.08.27"]
[EventType "swiss"]
[EventCountry "ESP"]
[SourceTitle "playchess.com"]
[Source "ChessBase"]
[SourceQuality "1"]
[TimeControl "5400+30"]

1. d4 Nf6 2. c4 e6 3. Nc3 Bb4 4. Nf3 b6 5. Bg5 h6 6. Bh4 g5 7. Bg3 Ne4 8. Qc2 Bb7 9. e3 Bxc3+ 10. bxc3 d6 11. Bd3 Nxg3 12. fxg3 Nd7 13. O-O Qe7 14. e4 e5 15. Rf2 O-O-O 16. Nd2 Rdg8 17. Nf1 Kb8 18. Ne3 Bc8 19. a4 exd4 20. Nd5 Qe5 21. Rxf7 dxc3 22. a5 Qd4+ 23. Kh1 Rg7 24. Rxg7 Qxg7 25. axb6 cxb6 26. Nxc3 Nc5 27. Rd1 Bb7 28. Be2 Qe5 29. Bf3 g4 30. Bxg4 Nxe4 31. Nxe4 1/2-1/2

[Event "ESP-ch U2000 2024"]
[Site "Albacete"]
[Date "2024.08.29"]
[Round "5.4"]
[White "Sierra Pena, Mario"]
[Black "Santos Dominguez, Iker"]
[Result "1-0"]
[ECO "A04"]
[WhiteElo "1971"]
[BlackElo "1900"]
[Annotator "NA RC"]
[PlyCount "89"]
[EventDate "2024.08.27"]
[EventType "swiss"]
[EventCountry "ESP"]
[SourceTitle "playchess.com"]
[Source "ChessBase"]
[SourceQuality "1"]
[TimeControl "5400+30"]

1. Nf3 c5 2. c4 Nc6 3. g3 g6 4. Bg2 Bg7 5. O-O d6 6. d3 e5 7. Nc3 Nge7 8. a3 O-O 9. Rb1 h6 10. b4 f5 11. b5 Nd4 12. Nxd4 exd4 13. Nd5 Nxd5 14. Bxd5+ Kh7 15. a4 g5 16. f4 g4 17. Rf2 Qe7 18. h3 h5 19. hxg4 hxg4 20. Rh2+ Kg6 21. Bd2 Be6 22. Bg2 Rh8 23. Rxh8 Rxh8 24. Qc2 Bc8 25. Re1 b6 26. Rf1 Bb7 27. Rf2 Bf6 28. Qb1 Qh7 29. Bxb7 Qxb7 30. Rg2 Rh3 31. Kf2 Qh7 32. Qf1 Bh4 33. e4 dxe3+ 34. Bxe3 Bxg3+ 35. Rxg3 Qh4 36. Qxh3 Qf6 37. Qf1 Qb2+ 38. Qe2 Qb3 39. Bd2 Qb2 40. Re3 Qd4 41. Kg3 Kh5 42. Qh2+ Kg6 43. Qh4 Qa1 44. Re6+ Kf7 45. Qe7+ 1-0

[Event "ESP-ch U2000 2024"]
[Site "Albacete"]
[Date "2024.08.29"]
[Round "5.5"]
[White "Burriel Ureta, Raul"]
[Black "Lopez Ruiz, Jarein"]
[Result "1/2-1/2"]
[ECO "C77"]
[WhiteElo "1868"]
[BlackElo "1970"]
[Annotator "NA RC"]
[PlyCount "84"]
[EventDate "2024.08.27"]
[EventType "swiss"]
[EventCountry "ESP"]
[SourceTitle "playchess.com"]
[Source "ChessBase"]
[SourceQuality "1"]
[TimeControl "5400+30"]

1. e4 e5 2. Nf3 Nc6 3. Bb5 a6 4. Ba4 Nf6 5. d3 Bc5 6. c3 b5 7. Bc2 d6 8. h3 h6 9. O-O O-O 10. Re1 Bb7 11. Nbd2 Ba7 12. Nf1 Ne7 13. d4 Ng6 14. b4 Re8 15. Ng3 d5 16. Nxe5 Nxe5 17. dxe5 Nxe4 18. Nxe4 dxe4 19. Bf4 Qh4 20. Be3 Rad8 21. Qe2 Bxe3 22. Qxe3 Rxe5 23. Rad1 Rd6 24. Rxd6 cxd6 25. Qd4 Qe7 26. Re3 Bd5 27. Qb6 Bxa2 28. Qxa6 Bc4 29. Rxe4 Rxe4 30. Qa8+ Qe8 31. Bxe4 Qxa8 32. Bxa8 g5 33. g3 Kg7 34. f4 gxf4 35. gxf4 Kf6 36. Be4 Ke6 37. Kf2 Bd5 38. Bd3 Bc6 39. c4 bxc4 40. Bxc4+ d5 41. Bd3 d4 42. b5 Bb7 1/2-1/2

[Event "ESP-ch U2000 2024"]
[Site "Albacete"]
[Date "2024.08.29"]
[Round "5.6"]
[White "Martin Cantizano, David"]
[Black "Sanjuan Garcia, Miguel"]
[Result "0-1"]
[ECO "B56"]
[WhiteElo "1864"]
[BlackElo "1963"]
[Annotator "NA RC"]
[PlyCount "64"]
[EventDate "2024.08.27"]
[EventType "swiss"]
[EventCountry "ESP"]
[SourceTitle "playchess.com"]
[Source "ChessBase"]
[SourceQuality "1"]
[TimeControl "5400+30"]

1. e4 c5 2. Nf3 d6 3. d4 cxd4 4. Nxd4 Nf6 5. Nc3 e5 6. Ndb5 a6 7. Na3 b5 8. Naxb5 axb5 9. Bxb5+ Bd7 10. Bxd7+ Nbxd7 11. a4 Nc5 12. Qf3 Qb8 13. O-O Be7 14. b3 O-O 15. Bg5 Ne6 16. Bxf6 Bxf6 17. Nd5 Bg5 18. b4 Nf4 19. c3 Nxd5 20. exd5 f5 21. Qe2 e4 22. Rfb1 Bf6 23. Ra3 Qe8 24. a5 f4 25. b5 f3 26. gxf3 Qg6+ 27. Kh1 exf3 28. Qf1 Be5 29. Rb4 Qh6 30. Qg1 Bxh2 31. Qxh2 Qc1+ 32. Qg1 Qxa3 0-1

[Event "ESP-ch U2000 2024"]
[Site "Albacete"]
[Date "2024.08.29"]
[Round "5.7"]
[White "Garcia-Ballesteros Banos, Juan A"]
[Black "Perez Hernandez, Juan S."]
[Result "1-0"]
[ECO "B01"]
[WhiteElo "1857"]
[BlackElo "1955"]
[Annotator "RC"]
[PlyCount "105"]
[EventDate "2024.08.27"]
[EventType "swiss"]
[EventCountry "ESP"]
[SourceTitle "playchess.com"]
[Source "ChessBase"]
[SourceQuality "1"]
[TimeControl "5400+30"]

1. e4 d5 2. exd5 Qxd5 3. Nc3 Qa5 4. d4 c6 5. Bd2 Nf6 6. Nf3 Bf5 7. Bc4 Nbd7 8. Nd5 Qd8 9. Nxf6+ exf6 10. O-O Be7 11. Re1 a5 12. Nh4 Bg6 13. Nxg6 hxg6 14. c3 Nb6 15. Bb3 Qc7 16. h3 Kf8 17. a4 g5 18. Qf3 Bd6 19. Re4 Qd7 20. Rg4 Nd5 21. Re1 Bf4 22. Bxf4 Nxf4 23. Rg3 g6 24. Qe4 Rh4 25. Qc2 Nd5 26. Bxd5 Qxd5 27. Rg4 Rxg4 28. hxg4 Kg7 29. Re7 Rh8 30. Rxb7 Qe6 31. Qd1 c5 32. dxc5 Qe5 33. Rd7 Qh2+ 34. Kf1 Qh1+ 35. Ke2 Qxg2 36. Qd5 Re8+ 37. Kd3 Qf1+ 38. Kc2 Qxf2+ 39. Kb1 Rf8 40. c6 Qg1+ 41. Ka2 Qxg4 42. c4 Qf5 43. c7 Qxd5 44. cxd5 g4 45. Re7 g3 46. Re1 f5 47. d6 f4 48. d7 f3 49. d8=Q f2 50. Qxf8+ Kxf8 51. c8=Q+ Kg7 52. Qc3+ Kf8 53. Qh8# 1-0

[Event "ESP-ch U2000 2024"]
[Site "Albacete"]
[Date "2024.08.29"]
[Round "5.8"]
[White "Salazar Romero, Abel"]
[Black "Penarrubia Blasco, Jose Alfredo"]
[Result "1-0"]
[ECO "E01"]
[WhiteElo "1937"]
[BlackElo "1891"]
[Annotator "NA RC"]
[PlyCount "91"]
[EventDate "2024.08.27"]
[EventType "swiss"]
[EventCountry "ESP"]
[SourceTitle "playchess.com"]
[Source "ChessBase"]
[SourceQuality "1"]
[TimeControl "5400+30"]

1. d4 Nf6 2. c4 e6 3. g3 d5 4. Bg2 c6 5. Nf3 Nbd7 6. b3 Bd6 7. Bb2 O-O 8. O-O Re8 9. Nc3 b6 10. Nd2 Bb7 11. e4 dxe4 12. Ndxe4 Nxe4 13. Nxe4 Nf6 14. Nxd6 Qxd6 15. Qf3 Rad8 16. Rfd1 h6 17. Rac1 Rd7 18. Bh3 Nh7 19. Qc3 Ng5 20. Bg2 f6 21. h4 Nf7 22. b4 Red8 23. Bh3 Re7 24. c5 Qc7 25. Qb3 Rde8 26. a4 Kf8 27. b5 cxb5 28. axb5 Bd5 29. Qa3 bxc5 30. dxc5 Ne5 31. Bxe5 Qxe5 32. Bg2 Bxg2 33. Kxg2 Kf7 34. Qf3 Rb8 35. Qc6 Qc7 36. Qa6 g5 37. h5 f5 38. Rd6 g4 39. Qa4 Qb7+ 40. c6 Qc7 41. Rcd1 Qb6 42. Qf4 Kg7 43. Qe5+ Kf7 44. Rxe6 Rxe6 45. Rd7+ Re7 46. Rd6 1-0

[Event "ESP-ch U2000 2024"]
[Site "Albacete"]
[Date "2024.08.29"]
[Round "5.9"]
[White "Machin Arbelo, Pedro Alexis"]
[Black "Arnedo Vigueras, Miguel"]
[Result "1-0"]
[ECO "D00"]
[WhiteElo "1916"]
[BlackElo "1850"]
[Annotator "NA RC"]
[PlyCount "55"]
[EventDate "2024.08.27"]
[EventType "swiss"]
[EventCountry "ESP"]
[SourceTitle "playchess.com"]
[Source "ChessBase"]
[SourceQuality "1"]
[TimeControl "5400+30"]

1. d4 d5 2. Bf4 e6 3. Nf3 Nf6 4. e3 Bd6 5. Ne5 O-O 6. Nd2 c5 7. c3 Qc7 8. Bd3 Nc6 9. Ndf3 h6 10. g4 Nd7 11. g5 h5 12. g6 Ndxe5 13. Nxe5 Bxe5 14. Qxh5 fxg6 15. Bxg6 Rd8 16. dxe5 Ne7 17. Bg5 Nxg6 18. Bxd8 Qxd8 19. Qxg6 Bd7 20. Rg1 Qe7 21. O-O-O Rf8 22. Rd2 b5 23. Qg5 Qf7 24. f4 Be8 25. Rdg2 g6 26. Qh6 Qg7 27. Rxg6 Bxg6 28. Rxg6 1-0

[Event "ESP-ch U2000 2024"]
[Site "Albacete"]
[Date "2024.08.30"]
[Round "6.1"]
[White "Perez Travieso, Saul"]
[Black "Tarraga Navarro, Pablo"]
[Result "1/2-1/2"]
[ECO "A14"]
[WhiteElo "1933"]
[BlackElo "1968"]
[Annotator "RC"]
[PlyCount "105"]
[EventDate "2024.08.27"]
[EventType "swiss"]
[EventCountry "ESP"]
[SourceTitle "playchess.com"]
[Source "ChessBase"]
[SourceQuality "1"]
[TimeControl "5400+30"]

1. Nf3 Nf6 2. c4 e6 3. g3 d5 4. Bg2 Be7 5. O-O O-O 6. b3 b6 7. cxd5 exd5 8. Bb2 Bb7 9. d3 c5 10. Nbd2 Nc6 11. Ne5 Nxe5 12. Bxe5 Qd7 13. Rb1 Rfe8 14. h3 Rac8 15. Re1 h6 16. Nf3 Rcd8 17. Qc2 Qc8 18. Qb2 d4 19. Bxf6 Bxf6 20. Nd2 Bxg2 21. Kxg2 Qb7+ 22. Kg1 Qd7 23. Kg2 Qd5+ 24. f3 Be5 25. Ne4 f5 26. Nf2 Rd6 27. g4 Rg6 28. b4 Qd8 29. Rg1 Qh4 30. Qb3+ Kf8 31. Kf1 Bf4 32. Qd5 Be3 33. Rg2 Bxf2 34. Rxf2 Qxh3+ 35. Ke1 Rf6 36. gxf5 Qxf5 37. Qxf5 Rxf5 38. Rg2 Re7 39. Kd2 g5 40. bxc5 bxc5 41. Rb8+ Kg7 42. Rh2 Rf6 43. Rb5 Rc6 44. Kc2 Kg6 45. a4 h5 46. Kb3 g4 47. fxg4 hxg4 48. Kc4 Re5 49. Rb8 Kg5 50. Rg2 Rg6 51. a5 Rg7 52. a6 Rg6 53. Kb5 1/2-1/2

[Event "ESP-ch U2000 2024"]
[Site "Albacete"]
[Date "2024.08.30"]
[Round "6.2"]
[White "Sierra Pena, Mario"]
[Black "Machin Arbelo, Pedro Alexis"]
[Result "1/2-1/2"]
[ECO "D05"]
[WhiteElo "1971"]
[BlackElo "1916"]
[Annotator "RC"]
[PlyCount "89"]
[EventDate "2024.08.27"]
[EventType "swiss"]
[EventCountry "ESP"]
[SourceTitle "playchess.com"]
[Source "ChessBase"]
[SourceQuality "1"]
[TimeControl "5400+30"]

1. d4 Nf6 2. Nf3 e6 3. e3 d5 4. Bd3 c5 5. b3 Nc6 6. O-O cxd4 7. exd4 h6 8. a3 Bd6 9. Bb2 Qc7 10. Re1 b6 11. Ne5 Bxe5 12. dxe5 Nd7 13. f4 g5 14. f5 Nc5 15. Nc3 a6 16. b4 Nxd3 17. cxd3 Ne7 18. Rc1 Qa7 19. f6 Ng6 20. Na4 Bd7 21. Bd4 Rb8 22. Rc3 Bb5 23. Qc2 O-O 24. Rc1 Rb7 25. Nb2 Qb8 26. a4 Bd7 27. Qe2 Kh7 28. g3 Rc8 29. Rxc8 Bxc8 30. Rc3 Rc7 31. Qc2 Rxc3 32. Qxc3 Bd7 33. Kf2 Qe8 34. Bxb6 Bxa4 35. Nxa4 Qxa4 36. Qc7 Kg8 37. Qb8+ Kh7 38. Qc7 Kg8 39. Qb8+ Kh7 40. Bd4 Qc2+ 41. Ke3 Qc1+ 42. Ke2 Qc2+ 43. Ke3 Qc1+ 44. Ke2 Qc2+ 45. Ke3 1/2-1/2

[Event "ESP-ch U2000 2024"]
[Site "Albacete"]
[Date "2024.08.30"]
[Round "6.3"]
[White "Sala Esquiva, Miguel"]
[Black "Martino Girones, Gonzalo"]
[Result "1-0"]
[ECO "A06"]
[WhiteElo "1967"]
[BlackElo "1903"]
[Annotator "RC"]
[PlyCount "103"]
[EventDate "2024.08.27"]
[EventType "swiss"]
[EventCountry "ESP"]
[SourceTitle "playchess.com"]
[Source "ChessBase"]
[SourceQuality "1"]
[TimeControl "5400+30"]

1. Nf3 d5 2. g3 Nf6 3. Bg2 Bf5 4. d3 h6 5. O-O e6 6. Nbd2 Be7 7. b3 a5 8. a4 O-O 9. Bb2 Na6 10. h3 Nb4 11. g4 Bh7 12. Kh1 Bc5 13. Ne5 c6 14. Ndf3 Ne8 15. c3 Na6 16. d4 Be7 17. Ba3 Nd6 18. Nd2 Nc7 19. f4 Nce8 20. e3 f6 21. Nef3 g5 22. Qe2 Kg7 23. c4 f5 24. c5 Ne4 25. Nxe4 fxe4 26. Ne5 Bf6 27. Bb2 Bg6 28. Bc3 Ra7 29. Rf2 Bxe5 30. fxe5 Rxf2 31. Qxf2 b6 32. b4 bxc5 33. bxc5 Nc7 34. Qd2 Na8 35. Kg1 Be8 36. Rf1 Bd7 37. Rf6 Bc8 38. h4 gxh4 39. Qf2 Qh8 40. Qxh4 Rf7 41. g5 Rxf6 42. exf6+ Kg6 43. Bxa5 Qh7 44. Qxh6+ Qxh6 45. gxh6 Kxf6 46. Kf2 Kg6 47. Kg3 Kxh6 48. Kf4 Kg6 49. Ke5 Kf7 50. Kd6 Bb7 51. Bh3 Kf6 52. Bxe6 1-0

[Event "ESP-ch U2000 2024"]
[Site "Albacete"]
[Date "2024.08.30"]
[Round "6.4"]
[White "Hurtado Oldridge, Felipe"]
[Black "Sanjuan Garcia, Miguel"]
[Result "1/2-1/2"]
[ECO "E61"]
[WhiteElo "1873"]
[BlackElo "1963"]
[Annotator "RC"]
[PlyCount "78"]
[EventDate "2024.08.27"]
[EventType "swiss"]
[EventCountry "ESP"]
[SourceTitle "playchess.com"]
[Source "ChessBase"]
[SourceQuality "1"]
[TimeControl "5400+30"]

1. d4 g6 2. c4 Bg7 3. Nf3 d6 4. Nc3 Nf6 5. Bg5 Nbd7 6. e3 O-O 7. Be2 c6 8. h3 Qe8 9. Qc2 e5 10. O-O h6 11. Bh4 g5 12. Bg3 Nh5 13. Bh2 f5 14. Rae1 Qf7 15. Qd1 f4 16. dxe5 dxe5 17. Ne4 Nhf6 18. Nd6 Qe7 19. exf4 exf4 20. Bd3 Qd8 21. Nf5 Rf7 22. Nd6 Rf8 23. Nf5 Rf7 24. b4 Bf8 25. c5 Nd5 26. Qb1 Qf6 27. Re8 Nc7 28. Rfe1 Nxc5 29. Nxh6+ Qxh6 30. bxc5 Nxe8 31. Rxe8 Re7 32. Bc4+ Kg7 33. Qb2+ Kh7 34. Qc2+ Kg7 35. Qc3+ Kh7 36. Qd3+ Kg7 37. Qd4+ Kh7 38. Qd3+ Kg7 39. Qd4+ Kh7 1/2-1/2